 Dungeon Crawl Stone Soup version 0.32-a0-329-ge6c31236d6 (webtiles) character file.

Game seed: 15245285142043984811

15663 anacleto the Mimic (level 12, -13/105 HPs)
             Began as a Troll Shapeshifter on Feb 17, 2024.
             Was an Elder of the Shining One.
             Shot with an arrow by a centaur warrior (22 damage)
             ... on level 12 of the Dungeon.
             The game lasted 00:33:10 (11096 turns).

anacleto the Mimic (Troll Shapeshifter)            Turns: 11096, Time: 00:33:10

Health: -13/105    AC:  3    Str: 29    XL:     12   Next: 3%
Magic:  18/18      EV: 19    Int:  6    God:    the Shining One [****..]
Gold:   463        SH:  5    Dex:  9    Spells: 11/11 levels left

rFire   + .          .
                       - Unarmed
rCold   + . .        (shield currently unavailable)
rNeg    + + .        F - melded +0 acid dragon scales
rPois   +            p - +1 hat
rElec   .            h - scarf {rC+ rF+}
rCorr   .            (gloves unavailable)
SInv    .            (boots unavailable)
Will    +....        l - amulet of reflection
Stlth   +            g - ring of poison resistance
HPRegen 1.17/turn    G - +5 ring of evasion
MPRegen 0.16/turn

%: reflection
@: flux-form, enlightened, flying (expiring), glowing
A: glow, contaminating, large, unfitting armour, claws 3, regeneration 1, shaggy
fur 1, tough skin 1
a: Begin Untransformation, Renounce Religion, Divine Shield, Cleansing Flame


You were on level 12 of the Dungeon.
You worshipped the Shining One.
The Shining One was greatly pleased with you.
You were something dangerously unstable.
You visited 1 branch of the dungeon, and saw 12 of its levels.
You also visited: Ossuary.

You collected 931 gold pieces.
You spent 468 gold pieces at shops.

Inventory:

Missiles
 u - 12 poisoned darts (quivered)
 C - 3 darts of dispersal
 H - a throwing net
 J - 4 large rocks
Armour
 h - a scarf of resistance (worn)
 p - a +1 hat (worn)
 F - +0 acid dragon scales (melded)
Jewellery
 g - a ring of poison resistance (left claw)
 l - an amulet of reflection (around neck)
 G - a +5 ring of evasion (right claw)
Talismans
 c - a beast talisman
 d - a flux talisman (active)
 B - a talisman of death
Wands
 f - a wand of charming (3)
 k - a wand of polymorph (7)
 n - a wand of flame (40)
 E - a wand of iceblast (14)
 L - a wand of mindburst (5)
Scrolls
 a - 6 scrolls of poison
 j - 2 scrolls of revelation
 m - 4 scrolls of vulnerability
 o - 4 scrolls of enchant armour
 q - 2 scrolls of immolation
 s - a scroll of summoning
 y - a scroll of torment {unknown}
 z - 2 scrolls of identify
 A - 3 scrolls of enchant weapon
 I - a scroll of teleportation
 K - 3 scrolls of fear {unknown}
Potions
 b - 3 potions of lignification
 e - a potion of enlightenment
 i - 3 potions of attraction
 r - 6 potions of curing
 t - 2 potions of mutation
 v - 3 potions of might
 w - 3 potions of resistance
 x - a potion of heal wounds
 D - a potion of berserk rage {unknown}


   Skills:
 + Level 3.5 Fighting
 - Level 3.2 Dodging
 + Level 5.2 Unarmed Combat
 + Level 9.5 Invocations
 * Level 14.2 Shapeshifting


You had 11 spell levels left.
You didn't know any spells.
Your spell library contained the following spells:

 Spells                   Type           Power      Damage    Failure   Level
 Call Imp                 Summ           0%         N/A       58%         2
 Sublimation of Blood     Necr           0%         N/A       58%         2
 Dazzling Flash           Conj/Hex       0%         N/A       83%         3
 Inner Flame              Hex/Fire       0%         N/A       83%         3
 Mephitic Cloud           Conj/Alch/Air  0%         N/A       83%         3
 Stone Arrow              Conj/Erth      0%         3d7       83%         3
 Tukima's Dance           Hex            0%         N/A       83%         3
 Anguish                  Hex/Necr       0%         N/A       99%         4
 Animate Armour           Summ/Erth      0%         N/A       99%         4
 Cause Fear               Hex            0%         N/A       99%         4
 Dimensional Bullseye     Hex/Tloc       0%         N/A       99%         4
 Flame Wave               Conj/Fire      0%         2d4       99%         4
 Iskenderun's Mystic Bla  Conj/Tloc      0%         2d3       99%         4
 Sticky Flame             Fire/Alch      0%         2d4       99%         4
 Curse of Agony           Necr           0%         N/A       100%        5
 Fireball                 Conj/Fire      0%         3d3       100%        5
 Silence                  Hex/Air        0%         N/A       100%        5
 Enfeeble                 Hex            0%         N/A       100%        7
 Summon Hydra             Summ           0%         N/A       100%        7
 Lehudib's Crystal Spear  Conj/Erth      0%         10d2      100%        8
 Dragon's Call            Summ           0%         N/A       100%        9


Dungeon Overview and Level Annotations

Branches:
Dungeon (12/15)            Temple (0/1) D:5            Lair (0/5) D:8
    Orc (0/2) D:9         Ossuary (visited)

Altars:
Ashenzari
Elyvilon
Gozag
Hepliaklqana
Kikubaaqudgha
Okawaru
Qazlal
Ru
Trog
Vehumet
Zin
The Shining One
Beogh

Shops:
D:6 =


Innate Abilities, Weirdness & Mutations

You are something dangerously unstable.
You glow with magical radiation, making you easy to see and hit.
Foes you strike become dangerously contaminated with magical radiation.
You are incapable of wielding weapons or throwing items.
You are too large for most types of armour.
You have claws for hands.
Your natural rate of healing is unusually fast.
You are covered in fur. (AC +1)
You have tough skin. (AC +1)


Message History

* * * LOW HITPOINT WARNING * * *
The centaur warrior shoots an arrow.
You block the arrow with an invisible shield... and reflect it back!
The arrow hits the centaur warrior!!
Your surroundings suddenly seem different.
Found a stone staircase leading down.
You start resting.
A two-headed ogre comes into view. It is wielding two +0 giant clubs.
Found a scroll of identify.
The two-headed ogre shouts in stereo!
You hear a bellow!
Found an escape hatch in the ceiling.
The centaur warrior shouts!
The centaur warrior shoots an arrow.
The arrow hits you!
A yak comes into view.
The centaur warrior shoots an arrow.
The arrow misses you.
You scratch the two-headed ogre.
The two-headed ogre begins to glow.
The two-headed ogre is lightly wounded.
The centaur warrior shoots an arrow.
The arrow misses you.
The two-headed ogre completely misses you.
You block the two-headed ogre's attack.
The centaur warrior shoots an arrow.
The arrow completely misses you.
You scratch the two-headed ogre.
The two-headed ogre glows dangerously bright.
The two-headed ogre is lightly wounded.
You are starting to lose your buoyancy.
The centaur warrior shoots an arrow.
The arrow completely misses you.
You scratch the two-headed ogre.
The two-headed ogre shudders as magic cascades through it!!
The two-headed ogre twists and deforms.
The two-headed ogre is heavily wounded.
The centaur warrior shoots an arrow.
The arrow hits you!!
* * * LOW HITPOINT WARNING * * *
You block the two-headed ogre's attack.
The two-headed ogre completely misses you.
You scratch the two-headed ogre.
The two-headed ogre begins to glow.
The two-headed ogre is heavily wounded.
The centaur warrior shoots an arrow.
The arrow hits you!
* * * LOW HITPOINT WARNING * * *
The centaur warrior shoots an arrow.
The arrow hits you!!
You die...

.................#
..................
.................. .
.................. ..
.?............... ...
................. ....
#.. ..##...........# ...
.....##.. ##.....#.......
..
..........#.pO..#..#....#
.##
............#.###..##..##
..# #......[....#...
......# .#
##C............###.......
####............###
...... .#....c..........
#... #⌠...⌠# .........
#.....# ....c<.^. #.....#
......###Y


You could see a centaur warrior and a two-headed ogre (contam, misshapen).

Vanquished Creatures
  2 boulder beetles
  4 two-headed ogres
  An ugly thing (D:7)
  A cyclops (D:11)
  An ice statue (D:12)
  Maggie (D:7)
  A gargoyle (D:10)
  A kobold demonologist (D:11)
  A komodo dragon (D:6)
  An unseen horror (D:11)
  3 trolls
  2 shadows
  A vampire (D:11)
  3 wyverns
  8 yaks
  3 wraiths
  6 steam dragons
  Duvessa (D:5)
  A water moccasin (D:8)
  4 acid dragons
  3 black bears (D:6)
  3 sky beasts
  6 orc warriors
  6 ice beasts
  2 crocodiles (D:8)
  4 ogres
  2 phantoms
  3 centaurs
  A kobold brigand (D:9)
  An elf zombie (Ossuary)
  A bullfrog (D:8)
  A gnoll sergeant (D:9)
  A scorpion (D:5)
  4 wights (D:9)
  Dowan (D:5)
  A vampire bat (D:9)
  10 howler monkeys
  A hound (D:6)
  5 human zombies (Ossuary)
  A gnoll bouda (D:9)
  16 orc priests
  3 sleepcaps
  3 jellies
  Crazy Yiuf (D:6)
  6 iguanas
  9 orc wizards
  A killer bee zombie (D:8)
  4 mummies (Ossuary)
  6 adders
  4 gnolls (D:9)
  A shadow imp (D:7)
  4 ufetubi
  An adder zombie (Ossuary)
  6 dart slugs
  47 orcs
  10 ball pythons
  5 bats
  3 bat skeletons (D:9)
  3 bat zombies (D:9)
  9 endoplasms
  A giant cockroach (D:1)
  A gnoll zombie (Ossuary)
  8 goblins
  9 hobgoblins
  4 jackals (D:4)
  4 quokkas
  2 frilled lizards (D:1)
  A hobgoblin zombie (Ossuary)
  14 kobolds
  A kobold zombie (Ossuary)
  An orc zombie (Ossuary)
  2 rats
  A rat zombie (Ossuary)
294 creatures vanquished.

Vanquished Creatures (others)
  A killer bee zombie (D:8)
1 creature vanquished.

Grand Total: 295 creatures vanquished

Notes
Turn   | Place    | Note
-------+----------+-------------------------------------------
     0 | D:1      | anacleto the Troll Shapeshifter began the quest for the
                  | Orb.
     0 | D:1      | Reached XP level 1. HP: 18/18 MP: 0/0
   100 | D:1      | Reached skill level 1 in Fighting
   114 | D:1      | Reached XP level 2. HP: 25/27 MP: 1/1
   277 | D:1      | Reached XP level 3. HP: 33/33 MP: 2/2
   823 | D:2      | Reached XP level 4. HP: 41/41 MP: 3/3
  1276 | D:3      | Found a sacrificial altar of Ru.
  1278 | D:3      | Reached skill level 4 in Shapeshifting
  1278 | D:3      | Reached XP level 5. HP: 49/49 MP: 4/4
  1853 | D:3      | Found a hazy altar of Hepliaklqana.
  1853 | D:3      | Found a radiant altar of Vehumet.
  1853 | D:3      | Found a glowing golden altar of the Shining One.
  1871 | D:3      | Became a worshipper of the Shining One
  2050 | D:4      | Noticed an ice beast
  2057 | D:4      | Killed an ice beast
  2058 | D:4      | Reached XP level 6. HP: 57/57 MP: 5/5
  2178 | D:4      | Reached skill level 5 in Shapeshifting
  2386 | D:4      | Found a bloodstained altar of Trog.
  2688 | D:5      | Entered Level 5 of the Dungeon
  2699 | D:5      | Noticed an ice beast
  2708 | D:5      | Killed an ice beast
  2709 | D:5      | Reached XP level 7. HP: 34/66 MP: 6/6
  2764 | D:5      | Reached skill level 1 in Invocations
  2835 | D:5      | Reached * piety under the Shining One
  2859 | D:4      | Reached skill level 6 in Shapeshifting
  3021 | D:5      | Found a staircase to the Ecumenical Temple.
  3044 | D:5      | Reached XP level 8. HP: 65/74 MP: 8/8
  3157 | D:5      | Identified the +1 plate armour of Foolezo {Will- Str+3
                  | Dex+5}
  3183 | D:5      | Noticed Dowan
  3210 | D:5      | Killed Dowan
  3258 | D:5      | Noticed Duvessa
  3268 | D:5      | Killed Duvessa
  3269 | D:5      | Reached skill level 7 in Shapeshifting
  3431 | D:6      | Found a sand-covered staircase.
  3441 | Ossuary  | Entered an ossuary
  3441 | Ossuary  | Reached ** piety under the Shining One
  3524 | Ossuary  | Reached skill level 8 in Shapeshifting
  3877 | D:6      | Reached XP level 9. HP: 70/80 MP: 11/11
  3932 | D:6      | Found a broken altar of Ashenzari.
  4226 | D:6      | Found Wioddi's Jewellery Shop.
  4247 | D:6      | Noticed a komodo dragon
  4253 | D:6      | Killed a komodo dragon
  4254 | D:6      | Reached skill level 5 in Invocations
  4254 | D:6      | Reached skill level 9 in Shapeshifting
  4300 | D:6      | Found a stormy altar of Qazlal.
  4345 | D:6      | Found a runed translucent door.
  4346 | D:6      | Noticed Crazy Yiuf
  4680 | D:6      | Killed Crazy Yiuf
  4744 | D:7      | Found a glowing silver altar of Zin.
  4940 | D:7      | Found a white marble altar of Elyvilon.
  5005 | D:7      | Noticed Maggie
  5018 | D:7      | Killed Maggie
  5448 | D:7      | Reached skill level 10 in Shapeshifting
  5521 | D:7      | Noticed a cyan ugly thing
  6212 | D:8      | Found a staircase to the Lair.
  6221 | D:8      | Reached *** piety under the Shining One
  6238 | D:8      | Reached XP level 10. HP: 88/89 MP: 13/13
  6408 | D:8      | Reached skill level 11 in Shapeshifting
  6944 | D:8      | HP: 2/89 [acid dragon/splash of acid (18)]
  7228 | D:8      | Noticed a two-headed ogre
  7263 | D:8      | Killed a two-headed ogre
  7270 | D:8      | Reached skill level 12 in Shapeshifting
  7703 | D:6      | Bought a +5 ring of evasion for 468 gold pieces
  7868 | D:7      | Killed a red ugly thing
  8207 | D:9      | Reached **** piety under the Shining One
  8215 | D:9      | Reached XP level 11. HP: 63/96 MP: 16/16
  8310 | D:9      | Found a roughly hewn altar of Beogh.
  8324 | D:9      | Found a staircase to the Orcish Mines.
  8567 | D:9      | Identified the +0 scale mail "Norpho Duow" {+Blink rElec
                  | rC+ Str+2}
  8656 | D:9      | Noticed a two-headed ogre
  8665 | D:9      | Killed a two-headed ogre
  8792 | D:9      | Reached skill level 13 in Shapeshifting
  8817 | D:9      | Noticed a two-headed ogre
  8828 | D:9      | Killed a two-headed ogre
  8863 | D:9      | Found an opulent altar of Gozag.
  8990 | D:9      | Found an ancient bone altar of Kikubaaqudgha.
  9351 | D:10     | Entered Level 10 of the Dungeon
  9363 | D:10     | Noticed a two-headed ogre
  9423 | D:10     | Killed a two-headed ogre
 10156 | D:10     | Found an iron altar of Okawaru.
 10426 | D:11     | Noticed a boulder beetle
 10443 | D:11     | Killed a boulder beetle
 10444 | D:11     | Reached skill level 14 in Shapeshifting
 10498 | D:11     | Reached skill level 5 in Unarmed Combat
 10754 | D:12     | Noticed a boulder beetle
 10774 | D:12     | Killed a boulder beetle
 10775 | D:12     | Reached XP level 12. HP: 67/105 MP: 18/18
 11080 | D:12     | Noticed a centaur warrior
 11085 | D:12     | Noticed a two-headed ogre
 11096 | D:12     | Shot with an arrow by a centaur warrior

Illustrated notes

Levels and vault maps discovered:
D:1:      dpeg_arrival_more_subterranean_lakeside_camping, layout_loops_ring,
          minmay_misc_feat_roman, minmay_pentomino_w4
D:2:      layout_rooms, serial_rivers, chequers_serial_rivers_micro_a,
          chequers_serial_rivers_micro_d, chequers_serial_rivers_marsh,
          chequers_serial_rivers_micro_e, chequers_serial_rivers_room_b,
          minmay_cupped
D:3:      layout_loops_ring, chequers_temple_overflow_statue_of_worship
D:4:      layout_basic, general_overflow_altar
D:5:      layout_rooms, temple_doors_e, uniq_duvessa
D:6:      layout_loops_ring, nicolae_qazlal_eye_of_the_storm,
          nicolae_ashenzari_panopticon, serial_shops,
          nicolae_shop_tiny_statue_garden, enter_ossuary_1,
          uniq_crazy_yiuf_cottage
D:7:      layout_loops_corners, mainiacjoe_overflow_boulevard, zin_treasury,
          minmay_microvault, uniq_maggie
D:8:      regret_index_malice_mire, layout_loops_ring, lair_entry_dummy
D:9:      cheibrodos_two_vegetables, layout_rooms, kennysheep_vampire_church,
          grunt_gozag_breadcrumbs, david_orc_5, minivault_5, st_stairs_13,
          blue_anna_alchemist, grunt_decor_junction,
          nicolae_shop_i_like_small_books_too, uniq_erica
D:10:     dreamdust_cave_troll, layout_rooms, mainiacjoe_overflow_alcove_1
D:11:     layout_cave_pools
D:12:     lemuel_ice_statue, layout_cave_pools

Skill      XL: |  1  2  3  4  5  6  7  8  9 10 11 |
---------------+----------------------------------+-----
Fighting       | 1 2 3 |  3.5
Dodging        | 2 3 |  3.2
Shapeshifting  | 4 5 6 8 10 12 14 | 14.2
Unarmed Combat | 4 5 |  5.2
Invocations    | 2 4 6 8 9 |  9.5

Action                     |  1- 3 |  4- 6 |  7- 9 | 10-12 || total
---------------------------+-------+-------+-------+-------++-------
  Melee: Unarmed           |    75 |   129 |   246 |   396 ||   846
         Punch             |       |     1 |    10 |       ||    11
  Throw: Dart              |       |       |     2 |       ||     2
 Invoke: Divine Shield     |       |       |     1 |     7 ||     8
         Cleansing Flame   |       |       |       |     2 ||     2
Ability: Begin Untransform |     1 |       |     2 |       ||     3
  Evoke: Wand              |       |       |       |    17 ||    17
    Use: Scroll            |       |    10 |     9 |     7 ||    26
         Potion            |       |       |     3 |     3 ||     6
   Stab: Sleeping          |       |     1 |       |       ||     1
 Armour: Animal skin       |    47 |    52 |   166 |       ||   265
         Skin              |       |       |    33 |   194 ||   227
  Dodge: Dodged            |    56 |    38 |   114 |   305 ||   513
  Block: Other             |    12 |    20 |    69 |   135 ||   236
         Reflection        |     1 |       |       |     7 ||     8
   Form: Beast             |     1 |       |     1 |       ||     2
         Flux              |       |       |     1 |       ||     1

Table legend: (Time is in decaauts)
 A = Elapsed time spent in this place.
 B = Non-inter-level travel time spent in this place.
 C = Inter-level travel time spent in this place.
 D = Time resting spent in this place.
 E = Time spent auto-exploring this place.
 F = Levels seen in this place.
 G = Mean time per level.
                   A        B        C        D        E       F      G
               +--------+--------+--------+--------+--------+-----+--------+
         Total |  11041 |  10528 |    513 |   1781 |   5965 |  13 |  849.3 |
       Dungeon |  10689 |  10176 |    513 |   1681 |   5899 |  12 |  890.8 |
       Ossuary |    351 |    351 |      0 |    100 |     66 |   1 |  351.0 |
               +--------+--------+--------+--------+--------+-----+--------+

Top non-repeatable levels by time:
     D:8: 1925 daAuts
     D:7: 1338 daAuts
     D:9: 1325 daAuts
     D:6: 1080 daAuts
     D:4: 746 daAuts
     D:1: 743 daAuts
    D:10: 740 daAuts
     D:5: 730 daAuts
     D:3: 702 daAuts
     D:2: 524 daAuts
    D:11: 484 daAuts
 Ossuary: 351 daAuts
    D:12: 346 daAuts
